 Dungeon Crawl Stone Soup version 0.26.0-45-g9c1d065592 (webtiles) character file.

Game seed: 7416161908289651075

4469 hawla the Destroyer (level 10, -13/73 HPs)
             Began as a Pale Draconian Conjurer on Jan 29, 2021.
             Was an Initiate of Gozag.
             Mangled by a hell beast (17 damage)
             ... on level 9 of the Dungeon.
             The game lasted 00:26:36 (12338 turns).

hawla the Destroyer (Pale Draconian Conjurer)      Turns: 12338, Time: 00:26:37

Health: -13/73     AC: -7    Str: 19    XL:     10   Next: 15%
Magic:  22/22      EV: 12    Int: 27    God:    Gozag
Gold:   590        SH:  7    Dex:  9    Spells: 6/25 levels left

rFire    . . .     SeeInvis .   B - +7 mace of Moderation {chaos, Str+8}
rCold    . . .     Faith    .   D - +3 buckler
rNeg     . . .     Spirit   .   (armour unavailable)
rPois    .         Reflect  .   A - +2 hat
rElec    .         Harm     .   (no cloak)
rCorr    .         Rampage  .   t - -2 pair of gloves (curse)
Will     .....                  x - +0 pair of boots (curse)
Stlth    ++........             q - amulet of the acrobat
HPRegen  0.22/turn              o - +6 ring of intelligence
MPRegen  0.18/turn              u - ring of flight

@: corroded, flying
A: breathe steam, unfitting armour, cold-blooded, AC +7
a: Breathe Steam, Stop Flying, Renounce Religion, Potion Petition, Call
Merchant, Bribe Branch


You were on level 9 of the Dungeon.
You worshipped Gozag.
Gozag was pleased with you.
You visited 2 branches of the dungeon, and saw 10 of its levels.

You collected 725 gold pieces.
You paid 135 gold pieces to Gozag.

Inventory:

Hand Weapons
 j - a +0 dagger
 B - the +7 mace of Moderation (weapon) {chaos, Str+8}
   (You found it on level 5 of the Dungeon)

   Each time it hits an enemy it has a different, random effect.
   It affects your strength (+8).
Missiles
 e - 11 javelins
 l - 2 atropa-tipped darts
 r - 3 boomerangs
 v - 5 throwing nets
 C - 7 poisoned darts (quivered)
Armour
 t - a cursed -2 pair of gloves (worn)
 x - a cursed +0 pair of boots (worn)
 A - a +2 hat (worn)
 D - a +3 buckler (worn)
Magical Staves
 H - an uncursed staff of earth
Jewellery
 o - a +6 ring of intelligence (left hand)
 q - an amulet of the acrobat (around neck)
 u - a ring of flight (right hand)
 w - an uncursed ring of stealth
 J - an uncursed ring of stealth
Wands
 s - a wand of paralysis (4)
 E - a wand of digging (4)
Scrolls
 b - 4 scrolls of teleportation
 c - 6 scrolls of remove curse
 f - 3 scrolls of fear
 g - a scroll of noise
 h - a scroll of amnesia {unknown}
 i - a scroll of enchant weapon {unknown}
 y - a scroll of enchant armour
 I - a scroll of holy word {unknown}
 L - a scroll of identify
Potions
 a - 2 potions of might
 k - a potion of resistance
 m - 2 potions of curing
 n - 3 potions of cancellation
 p - a potion of haste
 z - 2 potions of ambrosia
 F - a potion of magic
 G - a potion of lignification
 K - a potion of heal wounds


   Skills:
 - Level 2.0 Fighting
 + Level 1.5 Staves
 - Level 1.0 Throwing
 - Level 1.7 Dodging
 - Level 1.7 Stealth
 - Level 4.0 Shields
 + Level 8.4 Spellcasting
 + Level 9.7 Conjurations
 - Level 2.0 Translocations
 + Level 5.7 Fire Magic
 - Level 1.0 Evocations


You had 6 spell levels left.
You knew the following spells:

 Your Spells              Type           Power        Failure   Level
a - Magic Dart            Conj           100%         1%          1
b - Searing Ray           Conj           100%         1%          2
c - Iskenderun's Mystic   Conj/Tloc      43%          4%          4
d - Sticky Flame          Conj/Fire      52%          1%          4
e - Conjure Flame         Conj/Fire      52%          1%          3
f - Fireball              Conj/Fire      26%          6%          5

Your spell library contained the following spells:

 Spells                   Type           Power        Failure   Level
 Foxfire                  Conj/Fire      100%         1%          1
 Dazzling Flash           Conj/Hex       74%          1%          3
 Corona                   Hex            12%          4%          1
 Inner Flame              Hex/Fire       26%          4%          3
 Fulminant Prism          Conj/Hex       18%          7%          4
 Ensorcelled Hibernation  Hex/Ice        22%          8%          2
 Confusing Touch          Hex            11%          16%         3
 Tukima's Dance           Hex            11%          16%         3


Dungeon Overview and Level Annotations

Branches:
Dungeon (9/15)             Temple (1/1) D:6             Orc (0/2) D:9
   Lair: D:8-11

Altars:
Ashenzari
Cheibriados
Dithmenos
Elyvilon
Fedhas
Gozag
Hepliaklqana
Kikubaaqudgha
Makhleb
Nemelex Xobeh
Okawaru
Qazlal
Ru
Sif Muna
Trog
Uskayaw
Vehumet
Wu Jian
Xom
Yredelemnul
Zin
The Shining One

Shops:
D:8 [

Portals:
Abyss: D:6

Annotations:
D:6 2 transporters, reptisaurus's ghost, novice HaAr


Innate Abilities, Weirdness & Mutations

You can breathe blasts of scalding, opaque steam.
Your pale cyan-grey scales are hard. (AC +7)
You cannot fit into any form of body armour.
You are cold-blooded and may be slowed by cold attacks.


Message History

You feel very sick. You block the hell beast's attack.
The hell beast closely misses you. The orange demon misses you.
The hell beast closely misses you. The hell beast barely misses you.
The rust devil hits you!
* * * LOW HITPOINT WARNING * * *
The rust devil corrodes you!
You feel better. The orange demon stings you from afar!
* * * LOW HITPOINT WARNING * * *
The hell beast bites you.
* * * LOW HITPOINT WARNING * * *
You block the hell beast's attack.
The iron imp grins evilly.
The rust devil hits you.
* * * LOW HITPOINT WARNING * * *
The rust devil corrodes you!
As you read the scroll labelled SEITHOBUTT, it crumbles to dust.
You feel aware of your surroundings.
It was a scroll of magic mapping.
The hell beast bites you!
You die...
Your body crumbles into a pile of gold.

#.#,* *#### #.#.# *...#
#.#.# ##.#.#
############.#.# ...#.##
#.....≈....#.#.#
..##).####...≈§≈......#.#
#((.#.##...≈≈≈≈§≈§§...#.#
###....#..(≈§≈≈§≈§§§§.#.#
####.....≈≈§24@≈§≈≈...#
#....≈≈≈≈42≈≈≈§≈≈.##
######....≈≈≈5555≈≈≈.≈.#
..........≈≈≈.5≈5≈≈§.≈.#
##........≈≈§≈.5≈§≈≈§..#
...#.......§≈≈≈≈≈≈§≈≈≈.#
...........≈§§≈≈≈≈§.§..#
.###..<....§§§≈≈.≈....|#
,.###.......≈≈......##.#


You could see 2 hell beasts, an orange demon, a rust devil and 7 iron imps.

Vanquished Creatures
  A wyvern (D:8)
  An ice beast (D:9)
  A water moccasin (D:5)
  2 sky beasts
  A black bear (D:8)
  An orc warrior (D:6)
  An eye of draining (D:9)
  A phantom (D:7)
  5 ogres
  2 wolves (D:5)
  4 centaurs
  A big kobold (D:9)
  6 bullfrogs
  3 gnoll sergeants (D:5)
  4 scorpions
  A wyvern skeleton (D:4)
  4 wights (D:9)
  2 electric eels (D:8)
  A howler monkey (D:5)
  A bullfrog zombie (D:9)
  A centaur zombie (D:8)
  A bullfrog skeleton (D:7)
  7 hounds
  4 orc priests
  2 gnoll shamans (D:5)
  A jelly (D:6)
  6 orc wizards
  Ijyb (D:4)
  2 iguanas
  9 worker ants
  2 howler monkey zombies
  A worker ant zombie (D:6)
  15 gnolls (D:5)
  11 adders
  2 shadow imps
  3 white imps
  An ufetubus (D:6)
  3 oozes
  2 worms (D:3)
  2 dart slugs (D:2)
  7 leopard geckos
  41 orcs
  A ball python (D:2)
  4 bats
  6 giant cockroaches
  8 goblins
  10 hobgoblins
  13 jackals
  16 kobolds
  4 quokkas
  A ball python zombie (D:6)
  8 frilled lizards
  A giant cockroach zombie (D:6)
  A jackal skeleton (D:4)
  A leopard gecko skeleton (D:4)
  8 rats
249 creatures vanquished.

Notes
Turn   | Place    | Note
-------+----------+-------------------------------------------
     0 | D:1      | hawla the Draconian Conjurer began the quest for the Orb.
     0 | D:1      | Reached XP level 1. HP: 14/14 MP: 3/3
   246 | D:1      | Reached XP level 2. HP: 17/22 MP: 0/5
   308 | D:1      | Reached skill level 1 in Fighting
   657 | D:1      | Learned a level 2 spell: Searing Ray
  1145 | D:2      | Reached XP level 3. HP: 27/28 MP: 0/6
  1739 | D:2      | Found a shimmering blue altar of Sif Muna.
  1833 | D:2      | Reached XP level 4. HP: 23/36 MP: 1/8
  2260 | D:2      | Learned a level 4 spell: Iskenderun's Mystic Blast
  3088 | D:3      | Reached skill level 1 in Translocations
  3204 | D:3      | Reached skill level 5 in Conjurations
  3204 | D:3      | Reached XP level 5. HP: 41/41 MP: 1/10
  3828 | D:4      | Reached XP level 6. HP: 30/48 MP: 1/11
  4621 | D:4      | Reached skill level 6 in Conjurations
  4621 | D:4      | Your scales start taking on a pale cyan-grey colour.
  4621 | D:4      | Reached XP level 7. HP: 21/55 MP: 2/14
  5332 | D:4      | Noticed Ijyb
  5340 | D:4      | Killed Ijyb
  5341 | D:4      | Reached skill level 5 in Spellcasting
  5577 | D:5      | Entered Level 5 of the Dungeon
  5951 | D:5      | Reached skill level 7 in Conjurations
  6321 | D:5      | Reached XP level 8. HP: 61/61 MP: 10/17
  6436 | D:5      | Reached skill level 8 in Conjurations
  6610 | D:5      | Learned a level 4 spell: Sticky Flame
  6614 | D:5      | Learned a level 3 spell: Conjure Flame
  6620 | D:5      | Learned a level 5 spell: Fireball
  6808 | D:5      | Reached skill level 1 in Fire Magic
  7318 | D:5      | Got a shimmering mace
  7319 | D:5      | Identified the +7 mace of Moderation {chaos, Str+8} (You
                  | found it on level 5 of the Dungeon)
  7507 | D:6      | Reached skill level 1 in Evocations
  7507 | D:6      | Reached XP level 9. HP: 30/67 MP: 3/19
  7697 | D:6      | Reached skill level 1 in Throwing
  7697 | D:6      | Reached skill level 1 in Shields
  8567 | D:6      | Found an opulent altar of Gozag.
  8567 | D:6      | Found an ornate altar of the Wu Jian Council.
  8597 | D:6      | Found a staircase to the Ecumenical Temple.
  8624 | Temple   | Entered the Ecumenical Temple
  8908 | D:6      | Found a transporter.
  8912 | D:6      | Found a one-way gate to the infinite horrors of the Abyss.
  8912 | D:6      | Noticed reptisaurus's ghost (novice HaAr)
  8932 | D:6      | Noticed a cyan ugly thing
  8932 | D:6      | Noticed a wizard
  8942 | D:6      | Found a transporter.
  8944 | D:6      | Identified the +9 whip "Afulangatso" {distort, +Fly Will+}
  9314 | D:7      | Reached skill level 9 in Conjurations
 10286 | D:6      | Found a bloodstained altar of Trog.
 10301 | D:6      | Became a worshipper of Gozag Ym Sagoz the Greedy
 10605 | D:8      | Reached skill level 5 in Fire Magic
 10811 | D:8      | Found a stormy altar of Qazlal.
 11006 | D:8      | Found Qauddu's Armour Shop.
 11651 | D:9      | Reached XP level 10. HP: 65/73 MP: 22/22
 11996 | D:9      | Reached skill level 1 in Staves
 12270 | D:9      | Noticed a hell beast
 12270 | D:9      | Noticed a rust devil
 12271 | D:9      | Noticed a hell beast
 12271 | D:9      | Found an ancient bone altar of Kikubaaqudgha.
 12271 | D:9      | Noticed an orange demon
 12338 | D:9      | Mangled by a hell beast

Illustrated notes

Levels and vault maps discovered:
D:1:      scummos_arrival_star, layout_basic, minivault_27
D:2:      wander_river, layout_basic, lemuel_crystal_altar,
          minmay_strange_pillars
D:3:      layout_loops_ring
D:4:      layout_basic, serial_rivers, chequers_serial_rivers_micro_e,
          chequers_serial_rivers_small_a, chequers_serial_rivers_marsh,
          chequers_serial_rivers_room_b, uniq_ijyb
D:5:      layout_cave_pools, serial_gnoll_camp, gnoll_camp_mini_house,
          gnoll_camp_mini_basic, gnoll_camp_medium_02, gnoll_camp_mini_doghouse,
          gnoll_camp_mini_hut
D:6:      layout_rooms, nicolae_overflow_hidden_temple,
          minmay_temple_entry_purple_smoke, gammafunk_ghost_abyssal_escape
D:7:      layout_cave_pods
D:8:      layout_gridville, basic_altar, serial_shops, shop,
          minmay_misc_feat_nine_boxes, fountainhead
D:9:      minmay_slanted_spiral_squares, layout_rooms, orc_0_dummy,
          corexii_corridor_pit, lemuel_hellish_altar
Temple:   dpeg_five_rooms_temple

Skill      XL: |  1  2  3  4  5  6  7  8  9 10 |
---------------+-------------------------------+-----
Fighting       | 1 2 |  2.0
Spellcasting   | 3 4 6 7 8 |  8.4
Translocations | 1 2 |  2.0
Conjurations   | 5 6 7 8 9 |  9.7
Fire Magic     | 2 5 |  5.7
Evocations     | 1 |  1.0
Throwing       | 1 |  1.0
Shields        | 3 4 |  4.0
Staves         | 1 |  1.5
Dodging        | |  1.7
Stealth        | |  1.7

Action                   |  1- 3 |  4- 6 |  7- 9 | 10-12 || total
-------------------------+-------+-------+-------+-------++-------
Melee: Unarmed           |    47 |    38 |       |       ||    85
       Tailslap          |     4 |     3 |    12 |     1 ||    20
       Dagger            |       |    11 |    83 |       ||    94
       Mace              |       |       |    77 |     6 ||    83
 Cast: Magic Dart        |    46 |    27 |    54 |     3 ||   130
       Searing Ray       |    14 |    41 |    66 |     8 ||   129
       Iskenderun's Myst |       |     2 |    21 |     6 ||    29
       Fireball          |       |       |     3 |     1 ||     4
       Sticky Flame      |       |       |     2 |       ||     2
 Abil: Evoke Flight      |       |       |       |     1 ||     1
  Use: Scroll            |       |     4 |    11 |     1 ||    16
       Potion            |       |     1 |     3 |     1 ||     5
 Stab: Sleeping          |       |       |     2 |       ||     2
Armor: Skin              |    18 |    24 |    65 |     3 ||   110
Dodge: Dodged            |    27 |    55 |   190 |    25 ||   297
Block: Buckler           |       |       |     6 |    15 ||    21
